 Dungeon Crawl Stone Soup version 0.29-a0-1052-g6990b1bffc (webtiles) character file.

Game seed: 6052307634422418651

3324 wingedge the Jinx (level 9, -3/54 HPs)
             Began as a Vampire Enchanter on Aug 18, 2022.
             Was a Follower of Kikubaaqudgha.
             Slain by a vault sentinel
             ... wielding a +1 morningstar of draining
              (16 damage)
             ... on level 7 of the Dungeon.
             The game lasted 00:41:29 (6459 turns).

wingedge the Jinx (Vampire Enchanter)               Turns: 6459, Time: 00:41:30

Health: -3/54      AC:  6    Str:  7    XL:     9   Next: 71%
Magic:  0/25       EV: 14    Int: 19    God:    Kikubaaqudgha [*.....]
Gold:   314        SH:  0    Dex: 17    Spells: 4/18 levels left

rFire   . . .      SeeInvis +   a - +2 dagger (elec)
rCold   + + .      Faith    .   (no shield)
rNeg    + + +      Spirit   .   p - +0 leather armour of Vlad {rN+ Regen+ Slay+2}
rPois   ∞          Reflect  .   (no helmet)
rElec   .          Harm     .   d - +2 cloak
rCorr   .          Rampage  .   (no gloves)
Will    .....                   (no boots)
Stlth   ++++++....              (no amulet)
HPRegen 0.00/turn               i - ring of magical power
MPRegen 0.19/turn               (no ring)

@: marked, bloodless, inhibited regen, invisible
A: bloodless, fangs 3, see invisible, vampiric 2
a: Bat Form, Revivify, Renounce Religion, Unearth Wretches


You were on level 7 of the Dungeon.
You worshipped Kikubaaqudgha.
Kikubaaqudgha was aware of your devotion.
You visited 1 branch of the dungeon, and saw 7 of its levels.
You also visited: Sewer.

You collected 314 gold pieces.

Inventory:

Hand Weapons
 a - a +2 dagger of electrocution (weapon)
 h - a +0 dagger of venom
 B - a +0 shortbow of flaming
Missiles
 r - 14 poisoned darts
Armour
 d - a +2 cloak (worn)
 p - the +0 leather armour of Vlad (worn) {rN+ Regen+ Slay+2}
   (You found it on level 2 of the Dungeon)

   Slay:      It affects your accuracy & damage with ranged weapons and melee
   (+2).
   rN:        It protects you from negative energy.
   Regen:     It increases your rate of health regeneration.
 v - a scarf of invisibility
 A - an orb of mayhem
 D - a +0 troll leather armour {Pargi}
Jewellery
 i - a ring of magical power (left hand)
Wands
 b - a wand of paralysis (3) (quivered)
Scrolls
 g - a scroll of enchant armour
 k - a scroll of torment
 l - 2 scrolls of fear
 m - a scroll of summoning {unknown}
 o - a scroll of blinking {unknown}
 q - 7 scrolls of teleportation
 s - a scroll of vulnerability {unknown}
 t - a scroll of enchant weapon {unknown}
 x - 2 scrolls of magic mapping {unknown}
 y - a scroll of silence {unknown}
 C - a scroll of poison {unknown}
Potions
 c - 3 potions of invisibility
 e - 3 potions of brilliance
 f - 6 potions of curing
 j - 2 potions of heal wounds {unknown}
 n - a potion of resistance {unknown}
 u - 3 potions of magic {unknown}
 w - a potion of lignification {unknown}
 z - a potion of attraction {unknown}


   Skills:
 + Level 5.2 Fighting
 - Level 3.0 Short Blades
 - Level 6.0 Dodging
 - Level 8.0 Stealth
 - Level 2.0 Unarmed Combat
 - Level 5.0 Spellcasting
 - Level 2.0 Conjurations
 - Level 9.0 Hexes
 - Level 4.0 Necromancy
 - Level 1.0 Translocations
 - Level 1.0 Transmutations
 - Level 3.0 Ice Magic
 - Level 2.0 Air Magic


You had 4 spell levels left.
You knew the following spells:

 Your Spells              Type           Power      Damage    Failure   Level
a - Ensorcelled Hibernat  Hex/Ice        54%        N/A       2%          2
b - Confusing Touch       Hex            38%        N/A       1%          3
c - Tukima's Dance        Hex            38%        N/A       1%          3
d - Dazzling Flash        Conj/Hex       50%        N/A       6%          3
e - Vampiric Draining     Necr           19%        2d7       11%         3

Your spell library contained the following spells:

 Spells                   Type           Power      Damage    Failure   Level
 Necrotise                Necr           76%        1d7       3%          1
 Sublimation of Blood     Necr           19%        N/A       5%          2
 Magic Dart               Conj           48%        1d5       9%          1
 Searing Ray              Conj           24%        2d5       12%         2
 Blink                    Tloc           16%        N/A       19%         2
 Fulminant Prism          Conj/Hex       12%        3d9       19%         4
 Animate Dead             Necr           19%        N/A       34%         4
 Silence                  Hex/Air        12%        N/A       47%         5
 Agony                    Necr           19%        N/A       69%         5
 Manifold Assault         Tloc           8%         N/A       98%         5
 Storm Form               Tmut/Air       5%         N/A       100%        7


Dungeon Overview and Level Annotations

Branches:
Dungeon (7/15)             Temple (0/1) D:5           Sewer (visited)

Altars:
Kikubaaqudgha
Nemelex Xobeh
Qazlal
Sif Muna
Uskayaw
Vehumet
Xom
Yredelemnul

Shops:
D:4 (*   D:5 :


Innate Abilities, Weirdness & Mutations

You do not regenerate when monsters are visible.
You are frail without blood (-20% HP).
You can heal yourself when you bite living creatures.
You are immune to poison.
You have razor-sharp teeth.
You have supernaturally acute eyesight. (SInv)
You are afflicted with vampirism and can become a bat while bloodless.


Message History

The vault sentinel casts a spell at you.
The mark upon you grows brighter.
The centaur wields a +0 shortbow.
The centaur shoots an arrow.
The arrow hits the vault sentinel!
The vault sentinel blows a loud note on a signal horn!
The centaur shoots an arrow.
The arrow barely misses the vault sentinel.
The arrow barely misses you.
The centaur shoots an arrow.
The arrow barely misses you.
The centaur shoots an arrow.
The arrow closely misses you.
The centaur unwields a +0 shortbow.
The centaur misses you. The centaur closely misses you.
A bullfrog comes into view.
You puncture the centaur! Your bite misses the centaur.
The centaur is moderately wounded.
The centaur misses you. The centaur completely misses you.
Casting: Ensorcelled Hibernation (safe; 2% risk of failure)
Confirm with . or Enter, or press ? or * to list all spells.
Aiming: Ensorcelled Hibernation (safe; 2% risk of failure)
Press: ? - help, Shift-Dir - straight line, f - centaur, p - vault sentinel
Aim: a centaur (moderately wounded, unable to see you, chance to affect: 58%)
The centaur looks drowsy...
The vault sentinel hits you with a +1 morningstar of draining!
* * * LOW HITPOINT WARNING * * *
Unknown command.
The helpless centaur fails to defend itself.
You bite the centaur, and draw its blood!
You feel better.
You stick the centaur like a pincushion!!!
You kill the centaur!
Kikubaaqudgha accepts your kill.
The vault sentinel hits you with a +1 morningstar of draining!
* * * LOW HITPOINT WARNING * * *
You feel the corruption within you wane completely.
You feel robust.
You feel better. The bullfrog hits you.
* * * LOW HITPOINT WARNING * * *
The vault sentinel hits you with a +1 morningstar of draining!
You die...
Kikubaaqudgha rasps: "You have failed me!
Welcome... oblivion!"

#.##.....#######.##.#.#
..###...## #......# ###
##.### ##.#.#.## ### #...##
#.>..##.# ..# #.#..##
##.###.## #.# ##'#^.^#
#..#.## #.# ##..##'## #.#.##
#.# ##.###^F^### ##.### ##.##
##.##...@..^###.)#
###...####..#^.^p.)..^#...##
.........'.##$..###...##...##
#.....####.#...#.p.#...#.)..#
#.##.## ###..#).[..#.[#..#.#
#.#### #..^#...#..)##.#.# #.#
##...###..^##..#.# #.#
#^.......^#.###.# #.#
##^..^..^##)###.#


You could see a vault sentinel and a bullfrog (unable to see you).

Vanquished Creatures
  Pikel (D:5)
  Duvessa (D:5)
  Pargi (Sewer)
  An ice beast (D:6)
  2 black bears
  An ogre (D:5)
  5 centaurs
  A lemure (D:5)
  2 phantoms
  A scorpion (D:6)
  A bullfrog (D:6)
  3 necrophages
  6 wights (D:7)
  Dowan (D:5)
  A lava snake (D:7)
  3 hounds
  2 orc priests (D:4)
  2 jellies (D:4)
  Jessica (D:3)
  4 iguanas
  Natasha (thrice) (D:2)
  Robin (D:2)
  8 adders
  3 white imps
  An ufetubus (D:5)
  2 dart slugs (D:2)
  11 orcs
  4 ball pythons
  7 endoplasms
  4 giant cockroaches
  8 hobgoblins
  6 jackals
  4 quokkas
  6 bats
  2 frilled lizards
  13 goblins
  9 kobolds
  4 rats
136 creatures vanquished.

Vanquished Creatures (collateral kills)
  A vault sentinel (D:7)
  A kobold brigand (D:7)
  A wight (D:7)
  A kobold (D:7)
4 creatures vanquished.

Vanquished Creatures (others)
  A dancing weapon (D:5)
1 creature vanquished.

Grand Total: 141 creatures vanquished

Notes
Turn   | Place    | Note
-------+----------+-------------------------------------------
     0 | D:1      | wingedge the Vampire Enchanter began the quest for the Orb.
     0 | D:1      | Reached XP level 1. HP: 13/13 MP: 3/3
   199 | D:1      | Reached skill level 1 in Fighting
   376 | D:1      | Reached XP level 2. HP: 19/21 MP: 5/5
   472 | D:1      | Learned a level 2 spell: Ensorcelled Hibernation
   870 | D:2      | Noticed Robin
   879 | D:2      | Gained mutation: You are afflicted with vampirism and can
                  | become a bat while bloodless. [Vampire growth]
   879 | D:2      | Reached XP level 3. HP: 5/26 MP: 0/7
   981 | D:2      | Killed Robin
   982 | D:2      | Reached skill level 1 in Ice Magic
   998 | D:2      | Reached skill level 5 in Stealth
  1276 | D:2      | Reached XP level 4. HP: 32/32 MP: 8/8
  1445 | D:2      | Identified the +0 leather armour of Vlad {rN+ Regen+
                  | Slay+2}
  1543 | D:2      | Found a faded altar of an unknown god.
  1689 | D:2      | Noticed Natasha
  1699 | D:2      | Killed Natasha
  1784 | D:2      | Noticed Natasha
  1787 | D:2      | Killed Natasha
  1887 | D:3      | Noticed Jessica
  1915 | D:2      | Noticed Natasha
  1920 | D:2      | Killed Natasha
  1921 | D:2      | Reached XP level 5. HP: 38/38 MP: 9/9
  2242 | D:3      | Found a hide-covered altar of Uskayaw.
  2249 | D:3      | Killed Jessica
  2479 | D:3      | Reached XP level 6. HP: 26/35 MP: 10/10
  2485 | D:3      | Learned a level 3 spell: Confusing Touch
  2489 | D:3      | Learned a level 3 spell: Tukima's Dance
  2493 | D:3      | Learned a level 3 spell: Dazzling Flash
  3318 | D:4      | Found Siaf's Weapon Boutique.
  3331 | D:4      | Reached skill level 5 in Hexes
  3508 | D:4      | Found a stormy altar of Qazlal.
  3512 | D:4      | Found Qunygyt's Gadget Gallery.
  3801 | D:4      | Reached XP level 7. HP: 6/46 MP: 3/13
  4241 | D:5      | Entered Level 5 of the Dungeon
  4247 | D:5      | Found a sparkling altar of Nemelex Xobeh.
  4273 | D:5      | Noticed Pikel
  4304 | D:5      | Killed Pikel
  4305 | D:5      | Reached skill level 6 in Hexes
  4305 | D:5      | Reached skill level 7 in Hexes
  4305 | D:5      | Reached skill level 1 in Conjurations
  4305 | D:5      | Reached XP level 8. HP: 54/60 MP: 14/14
  4337 | D:5      | Found an ancient bone altar of Kikubaaqudgha.
  4402 | D:5      | Became a worshipper of Kikubaaqudgha
  4484 | D:5      | Found a radiant altar of Vehumet.
  4568 | D:5      | Found Nelucalu's Self-Improvement Boutique.
  4570 | D:5      | Noticed Duvessa
  4589 | D:5      | Noticed Dowan
  4596 | D:5      | Killed Duvessa
  4601 | D:5      | Killed Dowan
  4602 | D:5      | Reached skill level 8 in Hexes
  4681 | D:5      | Reached skill level 1 in Necromancy
  4766 | D:5      | Found a staircase to the Ecumenical Temple.
  5088 | D:6      | Reached skill level 5 in Dodging
  5088 | D:6      | Reached skill level 1 in Unarmed Combat
  5186 | D:6      | Reached skill level 1 in Transmutations
  5236 | D:6      | Reached skill level 1 in Air Magic
  5375 | D:6      | Reached skill level 1 in Translocations
  5426 | D:6      | Reached skill level 9 in Hexes
  5430 | D:6      | Reached XP level 9. HP: 58/65 MP: 15/15
  5510 | D:6      | Found a glowing drain.
  5533 | Sewer    | Entered a sewer
  5545 | Sewer    | Reached * piety under Kikubaaqudgha
  5545 | Sewer    | Received a gift from Kikubaaqudgha
  5550 | Sewer    | Learned a level 3 spell: Vampiric Draining
  5618 | Sewer    | Noticed Pargi
  5620 | Sewer    | Killed Pargi
  5621 | Sewer    | Reached skill level 5 in Spellcasting
  5903 | D:7      | Noticed a vault sentinel
  5903 | D:7      | Noticed a vault sentinel
  6016 | D:7      | Found a shimmering altar of Xom.
  6067 | D:7      | Found a basalt altar of Yredelemnul.
  6079 | D:7      | Found a shimmering blue altar of Sif Muna.
  6427 | D:7      | Found the +18 shield of the Gong {rElec rN+ Will+ EV-5}
  6436 | D:7      | Killed a vault sentinel
  6437 | D:7      | Reached skill level 5 in Fighting
  6459 | D:7      | Slain by a vault sentinel

Illustrated notes

Levels and vault maps discovered:
D:1:      heliophobic_arrival_enchanted_forest, layout_basic
D:2:      layout_loops_ring, dreamdust_ecumenical_altar_hidden_monk_grotto,
          uniq_robin, uniq_natasha
D:3:      layout_basic, lemuel_round_altar, uniq_jessica
D:4:      layout_loops_corners, mainiacjoe_overflow_boulevard,
          lemuel_tele_altar, serial_shops, nicolae_shop_stone,
          nicolae_shop_gadgets
D:5:      layout_rooms, overflow_temple_1_default,
          mainiacjoe_overflow_tiny_flanked, mainiacjoe_overflow_small_starburst,
          minmay_temple_entry_overgrown, nicolae_shop_self_help, uniq_duvessa,
          uniq_crazy_yiuf_cottage, uniq_pikel
D:6:      layout_basic, gup_sewer_entry_pipe
D:7:      lemuel_bear_cage, layout_loops_corners, mainiacjoe_overflow_24_doors,
          mainiacjoe_overflow_catch_the_wave, mainiacjoe_overflow_brackets,
          hellmonk_guarded_unrand_gong

Skill      XL: |  1  2  3  4  5  6  7  8  9 |
---------------+----------------------------+-----
Fighting       | 1 2 3 4 5 |  5.2
Spellcasting   | 3 4 5 |  5.0
Ice Magic      | 1 2 3 |  3.0
Stealth        | 5 6 7 8 |  8.0
Short Blades   | 2 3 |  3.0
Dodging        | 3 4 5 6 |  6.0
Hexes          | 5 7 9 |  9.0
Conjurations   | 1 2 |  2.0
Necromancy     | 2 4 |  4.0
Unarmed Combat | 1 2 |  2.0
Transmutations | 1 |  1.0
Air Magic      | 1 2 |  2.0
Translocations | 1 |  1.0

Action                   |  1- 3 |  4- 6 |  7- 9 || total
-------------------------+-------+-------+-------++-------
Melee: Dagger            |    56 |    63 |   118 ||   237
       Bite              |     6 |     5 |     7 ||    18
       Punch             |     1 |     3 |       ||     4
       Whip              |       |    19 |       ||    19
 Cast: Ensorcelled Hiber |    13 |    38 |    57 ||   108
       Confusing Touch   |       |       |     9 ||     9
       Tukima's Dance    |       |       |     5 ||     5
       Dazzling Flash    |       |       |     1 ||     1
 Abil: Exsanguinate      |       |     1 |     3 ||     4
       Revivify          |       |     1 |     2 ||     3
Evoke: Wand              |       |     6 |       ||     6
  Use: Potion            |     1 |       |     3 ||     4
       Scroll            |       |     7 |     3 ||    10
 Stab: Sleeping          |    15 |    26 |    45 ||    86
       Paralysed         |       |     2 |       ||     2
       Confused          |       |       |     5 ||     5
       Distracted        |       |       |     1 ||     1
       Invisible         |       |       |     1 ||     1
Armor: Robe              |     5 |       |       ||     5
       Leather armour    |       |    16 |    26 ||    42
Dodge: Dodged            |    16 |    35 |    89 ||   140

Table legend: (Time is in decaauts)
 A = Elapsed time spent in this place.
 B = Non-inter-level travel time spent in this place.
 C = Inter-level travel time spent in this place.
 D = Time resting spent in this place.
 E = Time spent auto-exploring this place.
 F = Levels seen in this place.
 G = Mean time per level.
                   A        B        C        D        E       F      G
               +--------+--------+--------+--------+--------+-----+--------+
         Total |   6452 |   6121 |    331 |    548 |   3849 |   8 |  806.5 |
       Dungeon |   6295 |   5964 |    331 |    548 |   3817 |   7 |  899.3 |
         Sewer |    157 |    157 |      0 |      0 |     32 |   1 |  157.0 |
               +--------+--------+--------+--------+--------+-----+--------+

Top non-repeatable levels by time:
     D:4: 1298 daAuts
     D:2: 1127 daAuts
     D:3: 994 daAuts
     D:1: 821 daAuts
     D:5: 801 daAuts
     D:6: 687 daAuts
     D:7: 565 daAuts
   Sewer: 157 daAuts
